 Dungeon Crawl Stone Soup version 0.16.1-4-g8e1b745 (console) character file.

6 gw the Charlatan (level 1, -1/12 HPs)
             Began as a Deep Elf Artificer on Mar 28, 2015.
             Slain by Ijyb (3 damage)
             ... on level 2 of the Dungeon.
             The game lasted 00:00:29 (567 turns).

gw the Charlatan (Deep Elf Artificer)                Turns: 567, Time: 00:00:29

Health: -1/12      AC:  3    Str:  8    XL:     1   Next: 75%
Magic:  2/2        EV: 12    Int: 16    God:
Gold:   7          SH:  0    Dex: 15    Spells: 0 memorised, 0 levels left

rFire  . . .     SeeInvis .     a - +0 short sword
rCold  . . .     Clarity  .     e - +0 leather armour
rNeg   . . .     SustAb   .     (no shield)
rPois  .         Gourm    .     (no helmet)
rElec  .         Spirit   .     (no cloak)
rCorr  .         Warding  .     (no gloves)
rMut   .         Stasis   .     (no boots)
MR     .....                    (no amulet)
Stlth  ++........               (no ring)
                                (no ring)

@: not resistant to hostile enchantments, unstealthy
A: no striking features
a: no special abilities


You were on level 2 of the Dungeon.
You were not hungry.

You visited 1 branch of the dungeon, and saw 2 of its levels.

You collected 7 gold pieces.

Inventory:

Hand weapons
 a - a +0 short sword (weapon)
Missiles
 g - 27 arrows
Armour
 e - a +0 leather armour (worn)
Magical devices
 b - a wand of flame (10)
 c - a wand of enslavement (14)
 d - a wand of random effects (14)
Comestibles
 f - a bread ration
 h - a beef jerky


   Skills:
 + Level 1.0 Fighting
 * Level 1.6 Short Blades
 + Level 2.5 Dodging
 - Level 1.2 Stealth
 - Level 3.2 Evocations


You couldn't memorise any spells.
You didn't know any spells.

Dungeon Overview and Level Annotations

Branches:
Dungeon (2/15)

Altars:

Annotations:
D:2 Ijyb


Message History

You barely miss something. Something hits you.
Unknown command.
Unknown command.
Unknown command.
Unknown command.
ATTACKING (0,1)
You barely miss something. Something hits you.
Unknown command.
Unknown command.
Unknown command.
Unknown command.
ATTACKING (0,1)
You hit something but do no damage. Something hits you but does no damage.
Unknown command.
Unknown command.
Unknown command.
Unknown command.
ATTACKING (0,1)
You hit something. Something hits you.
You die...

### #e####
#########%)..######
#.................#
####.###.....#.#..##.#
#<...#
#.##....#..##.##### ##
######
#.##....#.........# #.
#.##....##.##.....###.
#.##....##.###....##..
........#....K%.......


There were no monsters in sight!

Table legend:
 A = Turns spent in this place as a percentage of turns spent in the entire game.
 B = Non-inter-level travel turns spent in this place as a percentage of non-inter-level travel turns spent in the entire game.
 C = Inter-level travel turns spent in this place as a percentage of turns spent in this place.
 D = Turns resting spent in this place as a percentage of non-inter-level travel turns spent in this place.
 E = Turns spent auto-exploring this place as a percentage of non-inter-level travel turns spent in this place.
 F = Non-inter-level travel turns spent in this place divided by the number of levels of this place that you've seen.
                   A       B       C       D       E      F
               +-------+-------+-------+-------+-------+----------------------
         Total | 100.0 | 100.0 |   1.7 |   2.0 |   1.7 | 297.5
       Dungeon | 100.0 | 100.0 |   1.7 |   2.0 |   1.7 | 297.5
               +-------+-------+-------+-------+-------+----------------------

Table legend:
 A = Kills in this place as a percentage of kills in entire the game.
 B = Kills by you in this place as a percentage of kills by you in the entire game.
 C = Kills by friends in this place as a percentage of kills by friends in the entire game.
 D = Other kills in this place as a percentage of other kills in the entire game.
 E = Experience gained in this place as a percentage of experience gained in the entire game.
 F = Experience gained in this place divided by the number of levels of this place that you have seen.
                   A       B       C       D       E      F
               +-------+-------+-------+-------+-------+----------------------
         Total | 100.0 | 100.0 |  -nan |  -nan | 100.0 |   4.5
       Dungeon | 100.0 | 100.0 |  -nan |  -nan | 100.0 |   4.5
               +-------+-------+-------+-------+-------+----------------------

Vanquished Creatures
  A goblin (D:1)
  2 hobgoblins (D:2)
  A kobold (D:2)
  2 rats (D:2)
6 creatures vanquished.

Notes
Turn   | Place    | Note
--------------------------------------------------------------
     0 | D:1      | gw, the Deep Elf Artificer, began the quest for the Orb.
     0 | D:1      | Reached XP level 1. HP: 11/11 MP: 2/2
   404 | D:2      | Reached skill level 1 in Fighting
   550 | D:2      | Noticed Ijyb
   567 | D:2      | Slain by Ijyb

Action                   || total
-------------------------++-------
Melee: Short sword       ||    28
Evoke: Wand              ||     7

Vault maps used:
D:1:      dpeg_arrival_stone_temple_mockup, minmay_misc_feat_plants
D:2:      first_bread, uniq_sigmund, uniq_iyjb, uniq_crazy_yiuf_cottage
